 Dungeon Crawl Stone Soup version 0.22-a0-433-gd2a9cce (webtiles) character file.

375426 wazuzu the Eclecticist (level 22, -2/155 HPs)
             Began as a Gnoll Wizard on May 27, 2018.
             Was the Champion of Cheibriados.
             Killed from afar by a deep elf sorcerer (18 damage)
             ... with a bolt of acid
             ... on level 5 of the Vaults.
             The game lasted 03:49:04 (52646 turns).

wazuzu the Eclecticist (Gnoll Wizard)              Turns: 52646, Time: 03:49:05

Health: -2/155     AC: 16    Str: 23    XL:     22   Next: 76%
Magic:  28/51      EV: 21    Int: 53    God:    Cheibriados [******]
Gold:   1799       SH: 17    Dex: 28    Spells: 18/52 levels left

rFire    + . .     SeeInvis .   b - +9 double sword (flame)
rCold    + + .     Gourm    .   p - +2 shield {reflect}
rNeg     . . .     Faith    .   Q - +0 chain mail {rF+}
rPois    +         Spirit   .   D - +3 hat of Pondering {ponderous, MR+ MP+10 Int+5}
rElec    +         Reflect  +   F - +1 cloak
rCorr    .         Harm     .   S - +2 pair of gloves
MR       ++...                  P - +0 pair of boots
Stlth    ++++......             G - amulet of regeneration
HPRegen  0.00/turn              e - ring of Cagihen {rPois rC+ Int+4 Dex+4}
MPRegen  0.32/turn              x - ring of Kecwayme {rElec rPois rC+ Str-4 Dex-4}

@: about to teleport, corroded, very slightly contaminated, regenerating,
drained, very slow
A: distributed training, fangs 1, blurry vision 3, deformed body, frail 1,
inhibited regeneration, strong nose
}: 2/15 runes: decaying, gossamer
a: Bend Time, Temporal Distortion, Slouch, Step From Time, Renounce Religion


You were on level 5 of the Vaults.
You worshipped Cheibriados.
Cheibriados was exalted by your worship.
You were not hungry.

You visited 7 branches of the dungeon, and saw 39 of its levels.

You collected 3692 gold pieces.
You spent 1893 gold pieces at shops.

Inventory:

Hand Weapons
 b - a +9 double sword of flaming (weapon)
Missiles
 u - 2 throwing nets (quivered)
Armour
 p - a +2 shield of reflection (worn)
 D - the +3 hat of Pondering (worn) {ponderous, MR+ MP+10 Int+5}
   (You took it off Gastronok on level 1 of the Lair of Beasts)

   It affects your intelligence (+5).
   It affects your resistance to hostile enchantments.
   It affects your magic capacity (+10).
 F - a +1 cloak (worn)
 M - the cursed +0 pair of gloves of Uskayaw's Condemnation {rF++}
   (You bought it in a shop on level 1 of the Elven Halls)

   It greatly protects you from fire.
   It has a curse placed upon it.
 P - a +0 pair of boots (worn)
 Q - a +0 chain mail of fire resistance (worn)
 S - a +2 pair of gloves (worn)
 X - a scarf of resistance
Jewellery
 e - the ring of Cagihen (left hand) {rPois rC+ Int+4 Dex+4}
   (You found it on level 4 of the Spider Nest)

   [ring of intelligence]

   It affects your intelligence (+4).
   It affects your dexterity (+4).
   It protects you from cold.
   It protects you from poison.
 x - the ring of Kecwayme (right hand) {rElec rPois rC+ Str-4 Dex-4}
   (You bought it in a shop on level 2 of the Orcish Mines)

   [ring of protection from cold]

   It affects your strength (-4).
   It affects your dexterity (-4).
   It protects you from cold.
   It insulates you from electricity.
   It protects you from poison.
 G - an amulet of regeneration (around neck)
 I - an uncursed ring of protection from magic
 N - a +4 amulet of reflection
Wands
 n - a wand of digging (81)
 v - a wand of clouds (7)
 z - a wand of flame (71)
 C - a wand of paralysis (51)
 L - a wand of iceblast (28)
 T - a wand of acid (4)
 U - a wand of enslavement (14)
Scrolls
 c - 22 scrolls of remove curse
 h - 8 scrolls of teleportation
 j - 2 scrolls of identify
 m - 5 scrolls of enchant armour
 o - 6 scrolls of fog
 q - a scroll of fear
 s - 3 scrolls of enchant weapon
 w - 2 scrolls of magic mapping
 y - 2 scrolls of holy word
 O - 2 scrolls of summoning
 V - a scroll of amnesia
Potions
 f - 7 potions of curing
 g - 7 potions of ambrosia
 i - 2 potions of invisibility
 k - 9 potions of brilliance
 l - 5 potions of flight
 E - a potion of might
 H - 2 potions of lignification
 J - 3 potions of agility
 R - a potion of resistance
Miscellaneous
 t - a fan of gales
 B - a phantom mirror
 K - a lamp of fire
Comestibles
 a - 5 chunks of flesh
 d - 66 rations


   Skills:
 + Level 14.5(14.2) Fighting
 + Level 14.5(14.2) Short Blades
 + Level 14.5(14.2) Long Blades
 + Level 14.5(14.2) Axes
 + Level 14.5(14.2) Maces & Flails
 + Level 14.5(14.2) Polearms
 + Level 14.5(14.2) Staves
 + Level 14.5(14.2) Slings
 + Level 14.5(14.2) Bows
 + Level 14.5(14.2) Crossbows
 + Level 14.5(14.2) Throwing
 + Level 14.5(14.2) Armour
 + Level 15.1(14.7) Dodging
 + Level 15.0(14.6) Stealth
 + Level 14.5(14.2) Shields
 + Level 14.5(14.2) Unarmed Combat
 + Level 15.8(15.4) Spellcasting
 + Level 12.7(12.3) Conjurations
 + Level 12.5(12.2) Hexes
 + Level 12.5(12.2) Charms
 + Level 12.7(12.3) Summonings
 + Level 12.5(12.2) Necromancy
 + Level 12.7(12.3) Translocations
 + Level 12.5(12.2) Transmutations
 + Level 12.5(12.2) Fire Magic
 + Level 12.5(12.2) Ice Magic
 + Level 12.5(12.2) Air Magic
 + Level 12.5(12.2) Earth Magic
 + Level 12.5(12.2) Poison Magic
 + Level 15.6(15.3) Invocations
 + Level 14.5(14.2) Evocations


You had 18 spell levels left.
You knew the following spells:

 Your Spells              Type           Power        Failure   Level  Hunger
a - Olgreb's Toxic Radia  Pois           ########     1%          4    None
b - Blink                 Tloc           N/A          1%          2    None
c - Irradiate             Conj/Tmut      ########..   1%          5    None
j - Aura of Abjuration    Summ           ########..   1%          5    None
r - Regeneration          Chrm/Necr      ########..   1%          3    None
s - Spectral Weapon       Hex/Chrm       ########     1%          3    None
t - Tukima's Dance        Hex            ########     1%          3    None
u - Yara's Violent Unrav  Hex/Tmut       ########..   1%          5    None
z - Force Lance           Conj/Tloc      ########     1%          4    None

Your spell library contained the following spells:

 Spells                   Type           Power        Failure   Level  Hunger
 Magic Dart               Conj           ####         0%          1    None
 Conjure Flame            Conj/Fire      ########     1%          3    None
 Lightning Bolt           Conj/Air       ########..   1%          5    None
 Slow                     Hex            ########     1%          2    None
 Confuse                  Hex            ########     1%          3    None
 Invisibility             Hex            ########     2%          6    None
 Mephitic Cloud           Conj/Pois/Air  ########     1%          3    None
 Venom Bolt               Conj/Pois      ########..   1%          5    None
 Summon Small Mammal      Summ           ####         0%          1    None
 Iskenderun's Mystic Bla  Conj           ########     1%          4    None
 Animate Dead             Necr           N/A          1%          4    None
 Pain                     Necr           ####         0%          1    None
 Animate Skeleton         Necr           N/A          0%          1    None
 Vampiric Draining        Necr           ########..   1%          3    None
 Summon Ice Beast         Ice/Summ       ########     1%          4    None
 Call Imp                 Summ           ########     1%          2    None
 Sting                    Conj/Pois      ####         0%          1    None
 Summon Demon             Summ           ########..   1%          5    None
 Swiftness                Chrm/Air       ########     1%          2    None
 Recall                   Summ/Tloc      N/A          1%          3    None
 Statue Form              Tmut/Erth      ########.    2%          6    None
 Dragon Form              Tmut           ########..   12%         7    None
 Shadow Creatures         Summ           N/A          1%          6    None
 Confusing Touch          Hex            ######       0%          1    None
 Passwall                 Tmut/Erth      ########     1%          2    None
 Call Canine Familiar     Summ           ########     1%          3    None
 Ensorcelled Hibernation  Hex/Ice        ######       1%          2    None
 Metabolic Englaciation   Hex/Ice        ########..   1%          5    None
 Shatter                  Erth           ########..   100%        9    ####...
 Static Discharge         Conj/Air       ########     1%          3    None
 Corona                   Hex            #######      0%          1    None
 Lee's Rapid Deconstruct  Erth           ########..   1%          5    None
 Petrify                  Tmut/Erth      ########     1%          4    None
 Passage of Golubria      Tloc           N/A          1%          4    None
 Tornado                  Air            ########..   100%        9    ####...
 Darkness                 Hex            ########..   2%          6    None
 Shroud of Golubria       Chrm/Tloc      ########..   1%          2    None
 Fulminant Prism          Conj/Hex       ########..   1%          4    None
 Dazzling Spray           Conj/Hex       ######       1%          3    None
 Infusion                 Chrm           ####         0%          1    None
 Song of Slaying          Chrm           ########     1%          2    None
 Searing Ray              Conj           ######       1%          2    None
 Summon Forest            Summ/Tloc      ########..   1%          5    None
 Summon Lightning Spire   Summ/Air       ########     1%          4    None
 Summon Guardian Golem    Hex/Summ       ########     1%          3    None
 Summon Mana Viper        Hex/Summ       ########     1%          5    None
 Hydra Form               Tmut           ########..   2%          6    None
 Gell's Gravitas          Tloc           ########..   1%          3    None
 Poisonous Vapours        Pois/Air       ######       1%          2    None
 Ignition                 Fire           ########..   67%         8    ##.....


Dungeon Overview and Level Annotations

Branches:
Dungeon (15/15)            Temple (0/1) D:7            Lair (6/6) D:11
  Swamp (4/4) Lair:4       Spider (4/4) Lair:4        Slime (0/5) Lair:6
    Orc (2/2) D:9             Elf (3/3) Orc:2        Vaults (5/5) D:14
  Crypt (0/3) Vaults:2     Depths (0/5) D:15

Altars:
Ashenzari
Cheibriados
Gozag
Hepliaklqana
Kikubaaqudgha
Makhleb
Nemelex Xobeh
Qazlal
Sif Muna
Vehumet
Beogh

Shops:
D:4 ?   D:12 :   Orc:2 *(==   Elf:1 *   Elf:2 *   Vaults:3 [

Annotations:
D:3 2 transporters
Lair:6 1 exclusion


Innate Abilities, Weirdness & Mutations

Your experience applies equally to all skills.
You have very sharp teeth.
Your uncanny sense of smell can sniff out nearby items.
Scrolls take you much longer to read.
Armour fits poorly on your strangely shaped body.
You are frail. (-10% HP)
You do not regenerate when monsters are visible.


Message History

* * * LOW HITPOINT WARNING * * *
The acid corrodes you!
You are splashed with acid!
The acid burns!
* * * LOW HITPOINT WARNING * * *
You hear a shout!
You feel better. You block the stone giant's attack.
The deep elf sorcerer points at you and mumbles some strange words.
You resist with almost no effort. The fire giant skeleton hits you!
* * * LOW HITPOINT WARNING * * *
You feel better.
The deep elf sorcerer casts a spell at you.
You resist with almost no effort. The stone giant barely misses you.
You block the deep elf sorcerer's attack.
The fire giant skeleton misses you.
You feel better. The stone giant misses you.
You riposte.
You hit the stone giant but do no damage.
The stone giant is moderately wounded.
A yaktaur comes into view.
The deep elf sorcerer casts a spell at you.
The bolt of acid hits you!
You die...

# ∆∆∆ ∆∆
#. #..
#..#
#..p#
#...Z##
#..(C@#
#..#.e§#
# ##...#
.....c
.......
#########


You could see a stone giant, a deep elf sorcerer, a yaktaur, a necromancer and a
fire giant skeleton.

Vanquished Creatures
  Bai Suzhen (Swamp:3)
  Frederick (Vaults:2)
  Nikola (Spider:2)
  2 liches
  A tentacled monstrosity (Swamp:4)
  A deep elf blademaster (Elf:2)
  Donald (Swamp:2)
  4 thorn hunters
  Gastronok (Lair:1)
  A storm dragon (Vaults:4)
  Kirke (Swamp:3)
  2 tengu reavers
  2 fire giants
  2 frost giants
  4 ghost moths
  4 emperor scorpions
  15 vault wardens
  Aizul (Spider:1)
  A deep elf elementalist (Elf:1)
  13 ironheart preservers
  3 very ugly things (Vaults:2)
  7 stone giants
  The ghost of p0werm0de the Champion of Chaos, a journeyman DDFi of Makhleb (Lair:6)
  7 entropy weavers
  A deep elf demonologist (Vaults:2)
  A spark wasp (Spider:4)
  A deep elf annihilator (Elf:1)
  4 deep elf death magi
  Snorg (Orc:1)
  2 ettins
  A deep elf high priest (Elf:1)
  A fire dragon (Vaults:2)
  5 great orbs of eyes
  Erolcha (Orc:1)
  4 yaktaur captains
  26 vault guards
  A catoblepas (D:14)
  Fannar (Lair:1)
  4 ice dragons
  24 hydras
  12 ogre magi
  5 ghost crabs
  2 death knights
  An anaconda (Swamp:3)
  4 centaur warriors
  The ghost of GameOver the Scholar of Death, a novice NaWz of Kikubaaqudgha (D:8)
  12 alligators
  8 death scarabs (Spider:4)
  39 two-headed ogres
  21 dancing weapons
  4 deep troll earth magi
  15 death yaks
  A tengu warrior (D:14)
  2 deep troll shamans
  A shock serpent (shapeshifter) (Vaults:2)
  22 deep elf knights
  A shadow wraith (Vaults:1)
  An iron troll (Orc:2)
  A fire crab (shapeshifter) (Vaults:3)
  4 skeletal warriors
  2 glowing orange brains
  2 flayed ghosts
  5 spriggan druids (Swamp:3)
  2 unseen horrors
  2 lindwurms (Lair:6)
  9 deep elf archers
  8 swamp dragons
  3 wizards
  2 phantasmal warriors (Vaults:2)
  7 harpies
  13 deep trolls
  2 wolf spider zombies (Spider:4)
  4 necromancers
  An orb spider (shapeshifter) (Vaults:4)
  10 orc knights
  10 ironbrand convokers
  A shambling mangrove (Swamp:3)
  4 spectral wolf spiders (Spider:4)
  33 wolf spiders
  25 ugly things
  2 oklob plants (Lair:6)
  51 deep elf magi
  A manticore (D:8)
  14 orb spiders
  7 cyclopes
  4 moths of wrath
  4 black mambas
  Joseph (Lair:1)
  Maurice (D:8)
  13 elephants
  3 centaur zombies
  12 vault sentinels
  4 apocalypse crabs (Swamp:3)
  3 gargoyles
  6 torpor snails
  14 spiny frogs
  11 freezing wraiths
  An efreet (D:14)
  2 spectral redbacks (Spider:4)
  A redback zombie (Spider:4)
  35 yaktaurs
  4 rime drakes
  A tengu conjurer (D:13)
  9 komodo dragons
  30 jumping spiders
  9 demonic crawlers
  A troll (shapeshifter) (Vaults:3)
  A queen bee (Spider:2)
  17 trolls
  2 polar bears (Lair:5)
  7 tyrant leeches
  A hornet (shapeshifter) (D:15)
  A queen bee (shapeshifter) (Elf:1)
  4 spectral jumping spiders (Spider:4)
  A tengu simulacrum (Vaults:5)
  25 hornets
  2 spectral tarantellas (Spider:4)
  Prince Ribbit (D:5)
  25 slime creatures
  6 blink frogs
  4 tarantella zombies (Spider:4)
  12 bog bodies
  A sphinx simulacrum (Vaults:2)
  A raiju (Lair:6)
  6 dream sheep (Lair:3)
  2 jumping spider zombies (Spider:4)
  7 hippogriffs
  3 air elementals
  25 tarantellas
  61 redbacks
  3 vampires
  2 wraiths
  2 spriggans
  5 wyverns
  3 water elementals (Elf:2)
  39 yaks
  A basilisk (shapeshifter) (Vaults:2)
  2 shadows (D:15)
  2 hogs (Swamp:3)
  3 basilisks
  A fire elemental (Elf:2)
  A hungry ghost (D:15)
  A steam dragon (Lair:3)
  11 humans (D:14)
  6 wargs
  15 vampire mosquitoes
  21 swamp worms
  3 soldier ants
  6 insubstantial wisps (Swamp:1)
  Duvessa (D:7)
  An acid dragon (Vaults:2)
  15 water moccasins
  10 porcupines
  A hell hound (Lair:6)
  A hornet zombie (Spider:4)
  8 swamp drakes
  2 ice beasts
  36 orc warriors
  A spectral hornet (Spider:4)
  2 sky beasts
  7 black bears
  A black bear (shapeshifter) (Elf:2)
  50 ogres
  5 phantoms
  9 centaurs
  A necrophage (D:8)
  3 boggarts (D:15)
  20 wolves
  15 crocodiles
  2 big kobolds
  20 bullfrogs
  3 gnoll sergeants
  An earth elemental (Elf:2)
  A water moccasin zombie (D:11)
  A glowing shapeshifter simulacrum (Vaults:1)
  3 scorpions
  2 wyvern skeletons
  Dowan (D:7)
  18 killer bees
  7 wights
  6 electric eels
  3 bullfrog zombies
  6 crimson imps
  5 hounds
  3 jellies
  10 orc priests
  10 centaur skeletons
  24 orc wizards
  5 bullfrog skeletons
  An iguana (D:12)
  8 worker ants
  A killer bee zombie (D:9)
  A howler monkey zombie (D:5)
  13 gnolls
  13 adders
  4 shadow imps
  2 oozes
  4 adder skeletons
  8 worms
  5 leopard geckos
  107 orcs
  3 giant cockroaches
  4 goblins
  3 hobgoblins
  2 jackals (D:4)
  12 kobolds
  8 quokkas
  A ball python (D:8)
  5 bats
  5 frilled lizards
  A jackal skeleton (D:3)
  A leopard gecko skeleton (D:3)
  A quokka zombie (D:6)
  3 rats
  2 crawling corpses (Elf:3)
  2 plants
  A spectral weapon (Lair:2)
1584 creatures vanquished.

Vanquished Creatures (collateral kills)
  A fire giant (shapeshifter) (D:14)
  An ettin (D:14)
  A vault guard (D:14)
  5 two-headed ogres
  An ogre mage (D:15)
  Urug (Lair:2)
  2 wizards (D:14)
  A deep elf mage (D:12)
  A cyclops (Orc:2)
  3 elephants (Lair:5)
  A spiny frog (Lair:5)
  A tengu conjurer (D:14)
  A jumping spider (Spider:2)
  2 yaks (Lair:4)
  A basilisk (Lair:5)
  5 humans (D:14)
  A water moccasin (Lair:5)
  4 orc warriors
  2 ogres (Orc:2)
  4 orcs
39 creatures vanquished.

Vanquished Creatures (others)
  A vampire knight (Vaults:2)
  2 yaktaur captains
  A centaur warrior (D:15)
  A shadow wraith (Vaults:3)
  An unseen horror (D:15)
  3 deep elf archers
  An orb spider (Spider:4)
  2 cyclopes
  7 yaktaurs
  A jumping spider (Spider:2)
  3 humans (Swamp:3)
  2 gnolls (D:11)
  An adder (D:11)
  An orc (Vaults:4)
  A briar patch (Swamp:4)
  20 fungi
  41 plants
  13 spectral weapons
102 creatures vanquished.

Grand Total: 1725 creatures vanquished

Notes
Turn   | Place    | Note
-------+----------+-------------------------------------------
     0 | D:1      | wazuzu the Gnoll Wizard began the quest for the Orb.
     0 | D:1      | Reached XP level 1. HP: 13/13 MP: 8/8
   487 | D:1      | Reached XP level 2. HP: 19/19 MP: 7/10
  1019 | D:2      | Reached XP level 3. HP: 25/25 MP: 5/11
  1265 | D:2      | Reached skill level 1 in Invocations
  1505 | D:2      | Reached skill level 1 in Fighting
  1505 | D:2      | Reached skill level 1 in Short Blades
  1505 | D:2      | Reached skill level 1 in Long Blades
  1505 | D:2      | Reached skill level 1 in Axes
  1505 | D:2      | Reached skill level 1 in Maces & Flails
  1505 | D:2      | Reached skill level 1 in Polearms
  1505 | D:2      | Reached skill level 1 in Staves
  1505 | D:2      | Reached skill level 1 in Slings
  1505 | D:2      | Reached skill level 1 in Bows
  1505 | D:2      | Reached skill level 1 in Crossbows
  1505 | D:2      | Reached skill level 1 in Throwing
  1505 | D:2      | Reached skill level 1 in Armour
  1505 | D:2      | Reached skill level 1 in Shields
  1505 | D:2      | Reached skill level 1 in Unarmed Combat
  1505 | D:2      | Reached skill level 1 in Evocations
  1543 | D:2      | Reached XP level 4. HP: 32/32 MP: 1/13
  1905 | D:2      | Reached skill level 1 in Hexes
  1905 | D:2      | Reached skill level 1 in Charms
  1905 | D:2      | Reached skill level 1 in Necromancy
  1905 | D:2      | Reached skill level 1 in Transmutations
  1905 | D:2      | Reached skill level 1 in Fire Magic
  1905 | D:2      | Reached skill level 1 in Ice Magic
  1905 | D:2      | Reached skill level 1 in Air Magic
  1905 | D:2      | Reached skill level 1 in Earth Magic
  1905 | D:2      | Reached skill level 1 in Poison Magic
  2214 | D:3      | Found a burning altar of Makhleb.
  2215 | D:3      | Noticed a balrug
  2309 | D:3      | Reached XP level 5. HP: 37/37 MP: 0/14
  2555 | D:3      | Found a transporter.
  2559 | D:3      | Found a hazy altar of Hepliaklqana.
  2559 | D:3      | Found a transporter.
  3275 | D:3      | Found an opulent altar of Gozag.
  3276 | D:3      | Found a stormy altar of Qazlal.
  3384 | D:4      | Noticed an ogre
  3393 | D:4      | Killed an ogre
  3393 | D:4      | Reached XP level 6. HP: 44/44 MP: 4/16
  3685 | D:4      | Reached skill level 5 in Dodging
  3819 | D:4      | Found Qipsonugimp's Magic Scroll Shoppe.
  3841 | D:4      | Bought a scroll of teleportation for 42 gold pieces
  3841 | D:4      | Bought a scroll of identify for 28 gold pieces
  3841 | D:4      | Bought a scroll of remove curse for 42 gold pieces
  3841 | D:4      | Bought a scroll of fog for 28 gold pieces
  4138 | D:4      | Reached XP level 7. HP: 25/50 MP: 11/18
  4425 | D:4      | Found a snail-covered altar of Cheibriados.
  4428 | D:4      | Became a worshipper of Cheibriados the Contemplative
  4563 | D:5      | Entered Level 5 of the Dungeon
  4603 | D:5      | Noticed Prince Ribbit
  4966 | D:5      | Killed Prince Ribbit
  4966 | D:5      | Reached skill level 5 in Stealth
  4966 | D:5      | Reached XP level 8. HP: 42/57 MP: 9/19
  6207 | D:6      | Reached * piety under Cheibriados
  6612 | D:6      | Noticed a troll
  6635 | D:6      | Learned a level 3 spell: Conjure Flame
  6639 | D:6      | Learned a level 3 spell: Mephitic Cloud
  6851 | D:6      | Found a sparkling altar of Nemelex Xobeh.
  6875 | D:6      | You fall through a shaft for 2 floors!
  6998 | D:8      | Noticed GameOver's ghost (novice NaWz)
  7041 | D:8      | Killed GameOver's ghost
  7041 | D:8      | Reached XP level 9. HP: 37/65 MP: 2/21
  7666 | D:7      | Found a deep blue altar of Sif Muna.
  7819 | D:7      | Reached ** piety under Cheibriados
  8118 | D:7      | Noticed Duvessa
  8125 | D:7      | Noticed Dowan
  8129 | D:7      | Reached skill level 5 in Invocations
  8138 | D:7      | Killed Dowan
  8197 | D:7      | Killed Duvessa
  8304 | D:7      | Found a staircase to the Ecumenical Temple.
  8474 | D:8      | Reached XP level 10. HP: 67/73 MP: 16/22
  9004 | D:8      | Noticed Maurice
  9021 | D:8      | Killed Maurice
  9021 | D:8      | Reached skill level 5 in Fighting
  9021 | D:8      | Reached skill level 5 in Short Blades
  9021 | D:8      | Reached skill level 5 in Long Blades
  9021 | D:8      | Reached skill level 5 in Axes
  9021 | D:8      | Reached skill level 5 in Maces & Flails
  9021 | D:8      | Reached skill level 5 in Polearms
  9021 | D:8      | Reached skill level 5 in Staves
  9021 | D:8      | Reached skill level 5 in Slings
  9021 | D:8      | Reached skill level 5 in Bows
  9021 | D:8      | Reached skill level 5 in Crossbows
  9021 | D:8      | Reached skill level 5 in Throwing
  9021 | D:8      | Reached skill level 5 in Armour
  9021 | D:8      | Reached skill level 5 in Shields
  9021 | D:8      | Reached skill level 5 in Unarmed Combat
  9021 | D:8      | Reached skill level 5 in Evocations
  9194 | D:8      | Found a shattered altar of Ashenzari.
  9196 | D:8      | Reached *** piety under Cheibriados
  9854 | D:9      | Noticed a manticore
  9962 | D:9      | Noticed a centaur warrior
  9987 | D:9      | Killed a centaur warrior
 10292 | D:8      | Killed a manticore
 10292 | D:8      | Reached skill level 5 in Conjurations
 10292 | D:8      | Reached skill level 5 in Summonings
 10292 | D:8      | Reached skill level 5 in Translocations
 10538 | D:9      | Noticed a two-headed ogre
 10981 | D:9      | Reached **** piety under Cheibriados
 11069 | D:9      | Found a roughly hewn altar of Beogh.
 11069 | D:9      | Found a staircase to the Orcish Mines.
 11207 | D:9      | Killed a two-headed ogre
 11207 | D:9      | Reached XP level 11. HP: 65/81 MP: 4/24
 11387 | D:9      | Noticed a skeletal warrior
 11554 | D:9      | Found an ancient bone altar of Kikubaaqudgha.
 11652 | D:9      | Killed an unseen horror
 12012 | D:9      | Killed a skeletal warrior
 12012 | D:9      | Reached skill level 5 in Hexes
 12012 | D:9      | Reached skill level 5 in Charms
 12012 | D:9      | Reached skill level 5 in Necromancy
 12012 | D:9      | Reached skill level 5 in Transmutations
 12012 | D:9      | Reached skill level 5 in Fire Magic
 12012 | D:9      | Reached skill level 5 in Ice Magic
 12012 | D:9      | Reached skill level 5 in Air Magic
 12012 | D:9      | Reached skill level 5 in Earth Magic
 12012 | D:9      | Reached skill level 5 in Poison Magic
 12317 | Orc:1    | Entered Level 1 of the Orcish Mines
 12359 | D:10     | Entered Level 10 of the Dungeon
 12880 | D:10     | Killed an unseen horror
 13595 | D:10     | Found an ancient bone altar of Kikubaaqudgha.
 13595 | D:10     | Noticed a deep elf mage
 13607 | D:10     | Killed a deep elf mage
 13696 | D:10     | Learned a level 3 spell: Regeneration
 13700 | D:10     | Learned a level 3 spell: Spectral Weapon
 13841 | D:11     | Noticed a two-headed ogre
 13847 | D:11     | Killed a two-headed ogre
 14005 | D:11     | Noticed a green ugly thing
 14021 | D:11     | Killed a green ugly thing
 14075 | D:11     | Noticed a two-headed ogre
 14088 | D:11     | Killed a two-headed ogre
 14088 | D:11     | Reached ***** piety under Cheibriados
 14859 | D:11     | Noticed a brown ugly thing
 14873 | D:11     | Killed a brown ugly thing
 15133 | D:11     | Found a staircase to the Lair.
 15145 | D:11     | Noticed a death yak
 15145 | D:11     | Noticed a death yak
 15145 | D:11     | Noticed a death yak
 15160 | D:11     | HP: 3/83 [death yak (17)]
 15357 | Lair:1   | Entered Level 1 of the Lair of Beasts
 15360 | Lair:1   | Reached XP level 12. HP: 89/89 MP: 20/25
 15364 | Lair:1   | Learned a level 2 spell: Blink
 15375 | Lair:1   | Learned a level 4 spell: Force Lance
 15591 | Lair:1   | Noticed Gastronok
 15611 | Lair:1   | Killed Gastronok
 15611 | Lair:1   | Reached skill level 10 in Spellcasting
 15846 | Lair:1   | Noticed Joseph
 15878 | Lair:1   | Killed Joseph
 16029 | Lair:1   | Noticed Fannar
 16039 | Lair:1   | Killed Fannar
 16254 | Lair:1   | Learned a level 3 spell: Tukima's Dance
 16258 | Lair:1   | Learned a level 3 spell: Confuse
 17062 | D:11     | Killed a death yak
 17074 | D:11     | Killed a death yak
 17081 | D:11     | Killed a death yak
 17997 | Lair:2   | Found a deep blue altar of Sif Muna.
 18303 | Lair:2   | Noticed a death yak
 18305 | Lair:2   | Noticed a death yak
 18318 | Lair:2   | Killed a death yak
 18321 | Lair:2   | Reached XP level 13. HP: 23/98 MP: 26/27
 18453 | Lair:2   | Noticed Urug
 18465 | Lair:2   | Killed Urug
 20278 | Lair:3   | Identified a scroll of acquirement
 22090 | Lair:4   | Reached XP level 14. HP: 81/106 MP: 2/29
 22377 | Lair:4   | Found a hole to the Spider Nest.
 22612 | Lair:4   | Reached skill level 10 in Dodging
 22728 | Lair:4   | Learned a level 5 spell: Summon Mana Viper
 22838 | Lair:4   | Found a staircase to the Swamp.
 23217 | Lair:5   | Reached ****** piety under Cheibriados
 23824 | Lair:5   | Reached skill level 10 in Stealth
 24239 | Lair:5   | Learned a level 5 spell: Aura of Abjuration
 24616 | Lair:6   | Entered Level 6 of the Lair of Beasts
 24630 | Lair:6   | Found a staircase to the Slime Pits.
 24697 | Lair:6   | Reached skill level 10 in Invocations
 25052 | Lair:6   | Learned a level 5 spell: Yara's Violent Unravelling
 25943 | Lair:6   | Found a runed door.
 25951 | Lair:6   | Noticed p0werm0de's ghost (journeyman DDFi)
 25973 | Lair:6   | Killed p0werm0de's ghost
 26976 | Orc:1    | Noticed Erolcha
 26977 | Orc:1    | Reached XP level 15. HP: 114/114 MP: 30/30
 26986 | Orc:1    | Killed Erolcha
 27029 | Orc:1    | Noticed Snorg
 27038 | Orc:1    | Killed Snorg
 27229 | Orc:2    | Entered Level 2 of the Orcish Mines
 27875 | Orc:2    | Found a staircase to the Elven Halls.
 27878 | Orc:2    | Found Saaskor's Jewellery Emporium.
 28154 | Orc:2    | Gained mutation: You are agile. (Dex +2) [you]
 28775 | Orc:2    | Found Gyckuz's Jewellery Emporium.
 28779 | Orc:2    | Found Xaskowk's Antique Weapon Shop.
 28788 | Orc:2    | Found Kameawae's Assorted Antiques.
 28792 | Orc:2    | Bought a glowing morningstar for 203 gold pieces
 28799 | Orc:2    | Bought an emerald potion for 30 gold pieces
 28963 | Orc:2    | Bought the ring of Kecwayme {rElec rPois rC+ Str-4 Dex-4} for 396 gold pieces
 28964 | Orc:2    | Bought an uncursed amulet of regeneration for 450 gold pieces
 29602 | D:12     | Reached skill level 10 in Fighting
 29602 | D:12     | Reached skill level 10 in Short Blades
 29602 | D:12     | Reached skill level 10 in Long Blades
 29602 | D:12     | Reached skill level 10 in Axes
 29602 | D:12     | Reached skill level 10 in Maces & Flails
 29602 | D:12     | Reached skill level 10 in Polearms
 29602 | D:12     | Reached skill level 10 in Staves
 29602 | D:12     | Reached skill level 10 in Slings
 29602 | D:12     | Reached skill level 10 in Bows
 29602 | D:12     | Reached skill level 10 in Crossbows
 29602 | D:12     | Reached skill level 10 in Throwing
 29602 | D:12     | Reached skill level 10 in Armour
 29602 | D:12     | Reached skill level 10 in Shields
 29602 | D:12     | Reached skill level 10 in Unarmed Combat
 29602 | D:12     | Reached skill level 10 in Evocations
 30221 | D:12     | Found Wegh's Book Shop.
 30972 | D:13     | Found an opulent altar of Gozag.
 31627 | D:14     | Found a gate to the Vaults.
 31641 | D:14     | Reached XP level 16. HP: 112/122 MP: 32/32
 32086 | D:14     | Found a runed door.
 32170 | D:14     | Noticed a shadow dragon
 32172 | D:14     | a shadow dragon changed into a fire giant
 32186 | D:14     | Noticed a sphinx
 32186 | D:14     | a frost giant changed into a sphinx
 32187 | D:14     | a sphinx changed into a stone giant
 32239 | D:14     | Noticed a sphinx
 32239 | D:14     | a sphinx changed into a fire giant
 32279 | D:14     | Got a warped hunting sling
 32280 | D:14     | Identified the +7 hunting sling of Terror {flame, +Blink rPois rF- Str+2} (You found it on level 14 of the Dungeon)
 32331 | D:15     | Entered Level 15 of the Dungeon
 32440 | D:15     | Found a deep blue altar of Sif Muna.
 32717 | D:15     | Found a staircase to the Depths.
 33118 | D:15     | Found a shattered altar of Ashenzari.
 33702 | Swamp:1  | Entered Level 1 of the Swamp
 34908 | Spider:1 | Entered Level 1 of the Spider Nest
 34916 | Lair:4   | Learned a level 4 spell: Olgreb's Toxic Radiance
 35021 | Spider:1 | Noticed Aizul
 35034 | Spider:1 | Killed Aizul
 35637 | Spider:2 | Noticed Nikola
 35649 | Spider:2 | Killed Nikola
 35704 | Spider:2 | Reached XP level 17. HP: 15/131 MP: 2/33
 37463 | Spider:4 | Entered Level 4 of the Spider Nest
 37525 | Spider:4 | Reached skill level 10 in Conjurations
 37525 | Spider:4 | Reached skill level 10 in Summonings
 37525 | Spider:4 | Reached skill level 10 in Translocations
 37745 | Spider:4 | Got a transparent jade ring
 37746 | Spider:4 | Identified the ring of Cagihen {rPois rC+ Int+4 Dex+4} (You found it on level 4 of the Spider Nest)
 38736 | Spider:4 | Reached skill level 10 in Hexes
 38736 | Spider:4 | Reached skill level 10 in Charms
 38736 | Spider:4 | Reached skill level 10 in Necromancy
 38736 | Spider:4 | Reached skill level 10 in Transmutations
 38736 | Spider:4 | Reached skill level 10 in Fire Magic
 38736 | Spider:4 | Reached skill level 10 in Ice Magic
 38736 | Spider:4 | Reached skill level 10 in Air Magic
 38736 | Spider:4 | Reached skill level 10 in Earth Magic
 38736 | Spider:4 | Reached skill level 10 in Poison Magic
 39022 | Spider:4 | Reached XP level 18. HP: 131/139 MP: 35/35
 39046 | Spider:4 | Learned a level 5 spell: Irradiate
 39856 | Spider:4 | Got a gossamer rune of Zot
 40346 | Swamp:2  | Noticed Donald
 40363 | Swamp:2  | Killed Donald
 40974 | Swamp:3  | Found a runed door.
 40975 | Swamp:3  | Noticed Bai Suzhen
 40987 | Swamp:3  | Killed Bai Suzhen
 41089 | Swamp:3  | Noticed Kirke
 41097 | Swamp:3  | Killed Kirke
 41291 | Swamp:3  | Paralysed by a hornet for 1 turns
 42233 | Swamp:4  | Entered Level 4 of the Swamp
 42238 | Swamp:4  | Noticed a tentacled monstrosity
 42247 | Swamp:4  | Killed a tentacled monstrosity
 42262 | Swamp:3  | Gained mutation: You are dopey. (Int -2) [mutagenic glow]
 42379 | Swamp:4  | Reached XP level 19. HP: 68/147 MP: 36/36
 42450 | Swamp:4  | Got a decaying rune of Zot
 43557 | Elf:1    | Entered Level 1 of the Elven Halls
 43982 | Elf:1    | Found Kicod's Assorted Antiques.
 43988 | Elf:1    | Bought a pair of encrusted gloves for 190 gold pieces
 43988 | Elf:1    | Bought a dented fluorescent amulet for 100 gold pieces
 43988 | Elf:1    | Identified the cursed +0 pair of gloves of Uskayaw's Condemnation {rF++} (You bought it in a shop on level 1 of the Elven Halls)
 44200 | Elf:1    | Got a scorched wooden ring
 44328 | Elf:1    | Got a crystal hand crossbow
 44329 | Elf:1    | Identified the ring of Kuymaan {EV+3 Int+3 Stlth+} (You found it on level 1 of the Elven Halls)
 44330 | Elf:1    | Identified the +10 hand crossbow of Disgust {freeze, *Contam rF+ rC+++ Dex+2} (You found it on level 1 of the Elven Halls)
 45047 | Elf:2    | Found Riwagidd's General Store.
 45070 | Elf:2    | Bought a scarf of resistance for 384 gold pieces
 45379 | Elf:2    | Found a runed gate.
 45379 | Elf:2    | Found a runed gate.
 45380 | Elf:2    | Found a runed gate.
 46046 | Elf:3    | Entered Level 3 of the Elven Halls
 46084 | Elf:3    | Reached XP level 20. HP: 56/155 MP: 33/38
 46143 | Elf:3    | Found a radiant altar of Vehumet.
 46604 | Vaults:1 | Entered Level 1 of the Vaults
 46793 | Vaults:1 | Gained mutation: You are very dopey. (Int -4) [mutagenic glow]
 46832 | Vaults:1 | Gained mutation: Scrolls take you a little longer to read. [mutagenic glow]
 48211 | Vaults:2 | Found a staircase to the Crypt.
 48250 | Vaults:2 | Noticed Frederick
 48260 | Vaults:2 | Killed Frederick
 48383 | Vaults:2 | Noticed a lich
 48391 | Vaults:2 | Killed a lich
 48404 | Vaults:2 | Gained mutation: Scrolls take you longer to read. [mutagenic glow]
 48419 | Vaults:1 | Lost mutation: You are very dopey. (Int -4) [potion of mutation]
 48419 | Vaults:1 | Lost mutation: You are dopey. (Int -2) [potion of mutation]
 48419 | Vaults:1 | Lost mutation: You are agile. (Dex +2) [potion of mutation]
 48419 | Vaults:1 | Gained mutation: You do not regenerate when monsters are visible. [potion of mutation]
 48419 | Vaults:1 | Gained mutation: You are clumsy. (Dex -2) [potion of mutation]
 48419 | Vaults:1 | Lost mutation: You are clumsy. (Dex -2) [potion of mutation]
 48478 | Vaults:2 | Reached XP level 21. HP: 79/163 MP: 39/39
 48773 | Vaults:2 | Reached skill level 15 in Spellcasting
 50314 | Vaults:3 | Reached skill level 15 in Invocations
 50330 | Vaults:3 | Found Feboatu's Antique Armour Boutique.
 50370 | Vaults:3 | HP: 7/164 [deep troll earth mage[an ironheart preserver] (13)]
 50561 | Vaults:3 | Gained mutation: Scrolls take you much longer to read. [mutagenic glow]
 51474 | Vaults:4 | Reached XP level 22. HP: 149/172 MP: 41/41
 51561 | Vaults:4 | Gained mutation: You are frail. (-10% HP) [mutagenic glow]
 51767 | Vaults:4 | Gained mutation: Armour fits poorly on your strangely shaped body. [mutagenic glow]
 52470 | Vaults:4 | Reached skill level 15 in Dodging
 52623 | Vaults:5 | Entered Level 5 of the Vaults
 52629 | Vaults:5 | Reached skill level 15 in Stealth
 52643 | Vaults:5 | HP: 2/155 [acid (13)]
 52646 | Vaults:5 | Killed from afar by a deep elf sorcerer

Vault maps used:
D:1:      nzn_arrival_depleted_hourglass
D:2:      kennysheep_small_spiral
D:3:      makhleb_altar_promises_db, gammafunk_temple_overflow_arena,
          gammafunk_temple_overflow_statue, serial_undead, serial_undead_b,
          serial_undead_a, serial_undead_c, serial_undead_d, serial_undead_d,
          serial_undead_b, serial_undead_d, first_ration
D:4:      kennysheep_mini, nicolae_overflow_hidden_temple, serial_shops,
          nicolae_shop_waterfront
D:5:      lightli_ossuary_entry_decrepit_ruins, uniq_prince_ribbit1
D:6:      lemuel_coloured_pillars_altar, grunt_ministairs_1,
          roderic_serpentine_path
D:7:      temple_hall, basic_altar, uniq_duvessa
D:8:      ashenzari_conservatory_becter, uniq_maurice
D:9:      minmay_diamond_stairs, kiku_gazebo_garden_becter, david_orc_5
D:10:     blue_anna_alchemist, hex_tiny, david_defended_altar_elf
D:11:     dpeg_lair_monsters, lemuel_flamethrower_2
D:12:     kennysheep_blocky_hall, serial_shops, shop
D:13:     nicolae_gozag_cash_rules_everything_around_me
D:14:     grunt_vaults_entry_tiered, minmay_crystal_room,
          kennysheep_treasure_room
D:15:     hangedman_depths_entry_civil_slaughter, basic_altar,
          evilmike_ruin_ashenzari
Lair:1:   grunt_megastairs_4, uniq_joseph, uniq_gastronok, uniq_fannar
Lair:2:   basic_altar, serial_bayou_shore_a, uniq_urug
Lair:4:   minmay_swamp_entry_worms, spider_nest_entry_funnel_web,
          serial_bayou_lake_a, grunt_megastairs_3
Lair:5:   st_stairs_12, infiniplex_staircase_pool
Lair:6:   wormcave, hangedman_lair_caniforms_friends,
          minmay_slime_entry_oklob_open, columned_hall_lemuel
Swamp:1:  evilmike_swamp_ruin_rubble_2
Swamp:2:  nicolae_swamp_trees_clearing, uniq_donald
Swamp:3:  gammafunk_mikee_crab_dinner, hangedman_swamp_ruin_wall, swamp_pool4,
          nicolae_swamp_snake_nest, uniq_bai_suzhen, uniq_kirke
Swamp:4:  swamp_alternative, swamp_pool2, nicolae_swamp_baby_hydras
Spider:1: uniq_aizul
Spider:2: hive_lemuel, uniq_nikola
Spider:4: floodkiller_spider_rune_tomb
Orc:1:    uniq_erolcha, uniq_snorg
Orc:2:    st_orc_open
Elf:1:    eino_elf_arrival_customs, serial_shops, shop,
          kennysheep_underground_church, minmay_misc_feat_ornament
Elf:2:    serial_shops, shop
Elf:3:    minmay_elf_hall_statues, basic_altar
Vaults:1: v_misc_10, nicolae_vaults_disjoint_gnomons, vaults_room_fancy_cross,
          grunt_vaults_diagonal, vaults_room_corners
Vaults:2: st_star, hangedman_vaults_hat, v_pattern_4, v_misc_11,
          minmay_crypt_entry_simple_plaza, nicolae_vaults_hallways_thing,
          ontoclasm_vaults_eye, hangedman_vaults_stream,
          hangedman_vaults_stagger, nicolae_vaults_circle_grid_b,
          nicolae_vaults_little_squares_4, vaults_mumra_lcd, uniq_frederick
Vaults:3: st_hourglassy, v_misc_16, vaults_room_corners,
          hangedman_vaults_impose, v_misc_30, hangedman_vaults_nails,
          hangedman_vaults_slice, nicolae_vaults_yaktaur_gun_rack,
          v_alt_pattern_4, v_pattern_3, vaults_dpeg_ring, mu_enter_wizlab_6,
          serial_shops, shop
Vaults:4: v_misc_25, ontoclasm_vaults_hangar, v_misc_23, vaults_dpeg_spiral,
          hangedman_vaults_unwind, nicolae_vaults_twisting_passages,
          hangedman_vaults_impose, nicolae_vaults_network_quinsquares,
          nicolae_vaults_big_angled_halls, dpeg_vaults_monster_row
Vaults:5: serial_shops, uniq_margery

Skill      XL: |  1  2  3  4  5  6  7  8  9 10 11 12 13 14 15 16 17 18 19 20 21 22 |
---------------+-------------------------------------------------------------------+-----
Conjurations   | 2 3 4 5 6 7 8 9 10 11 12 | 12.7
Summonings     | 2 3 4 5 6 7 8 9 10 11 12 | 12.7
Translocations | 2 3 4 5 6 7 8 9 10 11 12 | 12.7
Invocations    | 1 2 3 4 5 6 7 8 9 10 11 12 13 14 15 | 15.6
Fighting       | 1 2 4 5 6 7 8 9 10 11 12 13 14 | 14.5
Short Blades   | 1 2 4 5 6 7 8 9 10 11 12 13 14 | 14.5
Long Blades    | 1 2 4 5 6 7 8 9 10 11 12 13 14 | 14.5
Axes           | 1 2 4 5 6 7 8 9 10 11 12 13 14 | 14.5
Maces & Flails | 1 2 4 5 6 7 8 9 10 11 12 13 14 | 14.5
Polearms       | 1 2 4 5 6 7 8 9 10 11 12 13 14 | 14.5
Staves         | 1 2 4 5 6 7 8 9 10 11 12 13 14 | 14.5
Slings         | 1 2 4 5 6 7 8 9 10 11 12 13 14 | 14.5
Bows           | 1 2 4 5 6 7 8 9 10 11 12 13 14 | 14.5
Crossbows      | 1 2 4 5 6 7 8 9 10 11 12 13 14 | 14.5
Throwing       | 1 2 4 5 6 7 8 9 10 11 12 13 14 | 14.5
Armour         | 1 2 4 5 6 7 8 9 10 11 12 13 14 | 14.5
Shields        | 1 2 4 5 6 7 8 9 10 11 12 13 14 | 14.5
Unarmed Combat | 1 2 4 5 6 7 8 9 10 11 12 13 14 | 14.5
Evocations     | 1 2 4 5 6 7 8 9 10 11 12 13 14 | 14.5
Hexes          | 1 2 3 4 5 6 7 8 9 10 11 12 | 12.5
Charms         | 1 2 3 4 5 6 7 8 9 10 11 12 | 12.5
Necromancy     | 1 2 3 4 5 6 7 8 9 10 11 12 | 12.5
Transmutations | 1 2 3 4 5 6 7 8 9 10 11 12 | 12.5
Fire Magic     | 1 2 3 4 5 6 7 8 9 10 11 12 | 12.5
Ice Magic      | 1 2 3 4 5 6 7 8 9 10 11 12 | 12.5
Air Magic      | 1 2 3 4 5 6 7 8 9 10 11 12 | 12.5
Earth Magic    | 1 2 3 4 5 6 7 8 9 10 11 12 | 12.5
Poison Magic   | 1 2 3 4 5 6 7 8 9 10 11 12 | 12.5
Dodging        | 5 6 7 8 9 10 11 12 13 14 15 | 15.1
Stealth        | 5 6 7 8 9 10 11 12 13 14 15 | 15.0
Spellcasting   | 8 9 10 11 12 13 14 15 | 15.8

Action                   |  1- 3 |  4- 6 |  7- 9 | 10-12 | 13-15 | 16-18 | 19-21 | 22-24 || total
-------------------------+-------+-------+-------+-------+-------+-------+-------+-------++-------
Melee: Mace              |     1 |     3 |       |       |       |       |       |       ||     4
       Bite              |       |     1 |    13 |    45 |   118 |   147 |   168 |    47 ||   539
       Morningstar       |       |       |    76 |   215 |   551 |   302 |       |       ||  1144
       Punch             |       |       |     1 |    12 |    36 |       |       |       ||    49
       Double sword      |       |       |       |       |       |   271 |   671 |   152 ||  1094
 Cast: Magic Dart        |    74 |   170 |   331 |   571 |   247 |     2 |       |       ||  1395
       Conjure Flame     |       |       |     4 |     6 |     6 |       |       |       ||    16
       Mephitic Cloud    |       |       |    11 |    37 |     1 |       |       |       ||    49
       Spectral Weapon   |       |       |       |    17 |    63 |    26 |    11 |     2 ||   119
       Regeneration      |       |       |       |     8 |    41 |    11 |    39 |     5 ||   104
       Force Lance       |       |       |       |    49 |   366 |   243 |   111 |    16 ||   785
       Confuse           |       |       |       |     1 |     2 |       |       |       ||     3
       Tukima's Dance    |       |       |       |       |     2 |     3 |       |       ||     5
       Summon Mana Viper |       |       |       |       |    25 |     5 |       |       ||    30
       Yara's Violent Un |       |       |       |       |     2 |     3 |     2 |       ||     7
       Olgreb's Toxic Ra |       |       |       |       |       |   108 |     8 |     3 ||   119
       Irradiate         |       |       |       |       |       |    33 |    88 |    17 ||   138
Invok: Step From Time    |       |       |       |     2 |     1 |     1 |       |       ||     4
       Slouch            |       |       |       |     1 |     1 |     1 |     6 |     2 ||    11
Evoke: Wand              |       |       |       |    12 |    20 |    11 |       |       ||    43
       Fan of gales      |       |       |       |       |     1 |       |       |       ||     1
  Use: Scroll            |       |     4 |    12 |     5 |    21 |    22 |    13 |     3 ||    80
       Potion            |       |     2 |     2 |     3 |     6 |     6 |     4 |     3 ||    26
 Stab: Confused          |       |       |     3 |     2 |     3 |       |       |       ||     8
       Distracted        |       |       |       |     3 |    19 |    12 |     6 |     2 ||    42
       Sleeping          |       |       |       |     1 |     2 |     2 |     4 |       ||     9
  Eat: Chunk             |     1 |     5 |     7 |    11 |    14 |    13 |    18 |     4 ||    73
       Ration            |       |     1 |     1 |     1 |     3 |     3 |       |       ||     9
Armor: Robe              |     1 |     9 |       |       |       |       |       |       ||    10
       Ring mail         |       |       |    75 |   123 |       |       |       |       ||   198
       Scale mail        |       |       |       |    22 |   210 |   366 |    69 |       ||   667
       Chain mail        |       |       |       |       |       |       |   163 |    64 ||   227
Dodge: Dodged            |    12 |    42 |   162 |   366 |   653 |   721 |   517 |   168 ||  2641
Block: Shield            |       |       |       |       |   130 |   697 |   763 |   197 ||  1787
       Reflection        |       |       |       |       |       |    11 |   113 |    15 ||   139
       Rpst.: Double sword |       |       |       |       |       |    62 |   111 |    32 ||   205

Table legend:
 A = Spawn XP
 B = Non-spawn XP
 C = Spawn XP percentage of total XP
 D = Spawn monster count
 E = Non-spawn monster count
 F = Spawn count percentage of total count
 G = Total turns spent on level
                    A         B        C        D         E        F      G
               +---------+---------+-------+---------+---------+-------+---------
         Total |       0 |  681065 |   0.0 |       0 |    1636 |   0.0 | 52646
               +---------+---------+-------+---------+---------+-------+---------
           D:1 |       0 |      13 |   0.0 |       0 |       7 |   0.0 |   762
           D:2 |       0 |     123 |   0.0 |       0 |      23 |   0.0 |  1379
           D:3 |       0 |     143 |   0.0 |       0 |      27 |   0.0 |  1200
           D:4 |       0 |     356 |   0.0 |       0 |      13 |   0.0 |  1222
           D:5 |       0 |    1300 |   0.0 |       0 |      23 |   0.0 |  1868
           D:6 |       0 |     290 |   0.0 |       0 |      12 |   0.0 |   444
           D:7 |       0 |    1373 |   0.0 |       0 |      22 |   0.0 |  1227
           D:8 |       0 |    3167 |   0.0 |       0 |      30 |   0.0 |  2359
           D:9 |       0 |    5250 |   0.0 |       0 |      40 |   0.0 |  2313
          D:10 |       0 |    2567 |   0.0 |       0 |      23 |   0.0 |  1624
          D:11 |       0 |    7587 |   0.0 |       0 |      42 |   0.0 |  2434
          D:12 |       0 |    5421 |   0.0 |       0 |      46 |   0.0 |  1056
          D:13 |       0 |    8332 |   0.0 |       0 |      39 |   0.0 |   979
          D:14 |       0 |   16140 |   0.0 |       0 |      54 |   0.0 |  1075
          D:15 |       0 |   17131 |   0.0 |       0 |      44 |   0.0 |  1171
        Lair:1 |       0 |    5273 |   0.0 |       0 |      13 |   0.0 |  1629
        Lair:2 |       0 |   11628 |   0.0 |       0 |      36 |   0.0 |  1749
        Lair:3 |       0 |    7224 |   0.0 |       0 |      29 |   0.0 |  1780
        Lair:4 |       0 |   14131 |   0.0 |       0 |      46 |   0.0 |  2171
        Lair:5 |       0 |    8965 |   0.0 |       0 |      27 |   0.0 |  1425
        Lair:6 |       0 |   17116 |   0.0 |       0 |      61 |   0.0 |  2160
       Swamp:1 |       0 |    7256 |   0.0 |       0 |      24 |   0.0 |  1139
       Swamp:2 |       0 |   13026 |   0.0 |       0 |      20 |   0.0 |   922
       Swamp:3 |       0 |   26423 |   0.0 |       0 |      48 |   0.0 |  1371
       Swamp:4 |       0 |   40598 |   0.0 |       0 |      63 |   0.0 |   991
      Spider:1 |       0 |    7974 |   0.0 |       0 |      18 |   0.0 |   705
      Spider:2 |       0 |   20312 |   0.0 |       0 |      52 |   0.0 |   948
      Spider:3 |       0 |   17694 |   0.0 |       0 |      48 |   0.0 |  1125
      Spider:4 |       0 |   48796 |   0.0 |       0 |     111 |   0.0 |  2320
         Orc:1 |       0 |    4043 |   0.0 |       0 |      26 |   0.0 |   649
         Orc:2 |       0 |   16277 |   0.0 |       0 |      69 |   0.0 |  1557
         Elf:1 |       0 |   23793 |   0.0 |       0 |      34 |   0.0 |  1328
         Elf:2 |       0 |   34620 |   0.0 |       0 |      49 |   0.0 |  1300
         Elf:3 |       0 |   10249 |   0.0 |       0 |      16 |   0.0 |   222
      Vaults:1 |       0 |   52983 |   0.0 |       0 |      93 |   0.0 |  1614
      Vaults:2 |       0 |   71387 |   0.0 |       0 |     105 |   0.0 |  1860
      Vaults:3 |       0 |   61760 |   0.0 |       0 |      92 |   0.0 |  1222
      Vaults:4 |       0 |   64792 |   0.0 |       0 |      84 |   0.0 |  1323
      Vaults:5 |       0 |   25552 |   0.0 |       0 |      27 |   0.0 |    23
               +---------+---------+-------+---------+---------+-------+---------
